 Dungeon Sprint DCSS version 0.05-5-g1455f61281 (webtiles) character file.

Game seed: 15537930150608836149, levelgen mode: deterministic

3341 diana the Arsonist (level 10, -13/76 HPs) Octopode Fire Elementalist. Began on May 27, 2021. Was the Champion of Vehumet. Shot with a boulder by a cyclops (34 damage) ... in the Dungeon (Sprint V: "Ziggurat Sprint"). The game lasted 00:06:54 (526 turns).

diana the Arsonist (Octopode Fire Elementalist)      Turns: 526, Time: 00:06:54

Health: -13/76     AC:  1    Str: 18    XL:     10 ^: 4453
Magic:  16/24      EV: 24    Int: 30    God:    Vehumet [6* [186]]
Gold:   0          SH:  0    Dex: 28    Spells: 4/29 levels left

rFire    + + .     Vision   .   D - +7 great mace "Firestarter" {inner flame, rF++}
rCold    . . .     Gourm    .   (no weapon)
rNeg     . . .     Faith    .   (helmet restricted)
rPois    .         Spirit   .   (no amulet)
rElec    .         Reflect  .   x - ring of strength
rCorr    .         Harm     .   w - ring of strength
MR       .....     NoTele   +   s - ring of dexterity
Stlth    ++++++....             t - ring of dexterity
HPRegen  0.35/turn              u - ring of intelligence
MPRegen  0.34/turn              v - ring of intelligence
                                F - ring of dexterity
                                I - ring of stealth

@: no status effects
A: almost no armour, stealthy swim, gelatinous body, amphibious, 8 rings,
constrict 8, camouflage 1, AC +1
a: Renounce Religion


You were in the Dungeon.
You worshipped Vehumet.
Vehumet was exalted by your worship.
You were hungry.

You visited 1 branch

Inventory:

Weapons
 D - the +7 great mace "Firestarter" (weapon) {inner flame, rF++}
   (You found it in the Dungeon)

   Its malleable surface is completely molten, allowing it to meld around and
   partially ignore armour.
   Causes less base damage than a standard weapon; but partially ignores enemy's
   defense and burns causing additional damage to those that don't resist heat.
   It greatly protects you from fire.
Magical Staves
 E - the +6 Majin-Bo {vampiric, corrupt archmagi; MP+6 Int+6}
   (You found it in the Dungeon)

   [staff of ]

   Base accuracy: +5 Base damage: 5 Base attack delay: 1.2 This weapon's minimum
   attack delay (0.6) is reached at skill level 12.
   The minimum and maximum damage of damaging spells cast with this staff are
   significantly increased.
   It falls into the 'Staves' category.
   It is one handed.
   Its enchantment grants additive spellpower to the spells it enhances.
 H - the +5 staff of Execution {energy, life; MR+}
   (You found it in the Dungeon)

   [staff of life]

   Base accuracy: +5 Base damage: 5 Base attack delay: 1.2 This weapon's minimum
   attack delay (0.6) is reached at skill level 12.
   Spells enhanced by this staff cost the caster one less mana to cast.
   It falls into the 'Staves' category.
   It is one handed.
   Its enchantment grants additive spellpower to the spells it enhances.
Jewellery
 s - a ring of dexterity (on tentacle)
 t - a ring of dexterity (on tentacle)
 u - a ring of intelligence (on tentacle)
 v - a ring of intelligence (on tentacle)
 w - a ring of strength (right tentacle)
 x - a ring of strength (left tentacle)
 F - a ring of dexterity (on tentacle)
 I - a ring of stealth (on tentacle)
Wands
 y - a wand of disintegration (7)
 z - a wand of iceblast (7)
 A - a wand of acid (7)
Scrolls
 h - 4 scrolls of blinking
 n - 4 scrolls of amnesia
 o - 7 scrolls of fog
 p - a scroll of holy word
 q - 5 scrolls of bless item
 r - 2 scrolls of fear
Potions
 a - 2 potions of brilliance
 c - 10 potions of curing
 d - 9 potions of heal wounds
 e - 6 potions of haste
 f - 7 potions of magic
 g - 3 potions of berserk rage
 i - 2 potions of invisibility
 j - 4 potions of resistance
 l - 5 potions of agility
 m - 5 potions of might
Miscellaneous
 k - a phial of floods
 B - a lightning rod (4/4)
 C - a crystal ball of energy
 J - a box of beasts
 K - a crystal ball of energy
Comestibles
 b - 7 rations


   Skills:
 + Level 9.9 Fighting
 + Level 9.9 Maces & Staves
 + Level 10.2 Dodging
 - Level 2.6 Stealth
 + Level 10.2 Spellcasting
 - Level 5.0 Charms
 + Level 7.4 Summonings
 + Level 10.6 Fire Magic
 + Level 6.9 Air Magic


You had 4 spell levels left.
You knew the following spells:

 Your Spells              Type           Power        Failure   Level  Hunger
a - Foxfire               Fire           25 (25)      1%          1    None
b - Fireball              Fire           68 (200)     1%          5    ###....
c - Stone Arrow           Erth           15 (50)      3%          3    None
d - Summon Lightning Spi  Summ/Air       55 (100)     4%          5    ###....
e - Iskenderun's Battles  Chrm/Erth      30 (100)     10%         5    ###....
f - Starburst             Fire           68 (200)     1%          6    #####..

Your spell library contained the following spells:

 Spells                   Type           Power        Failure   Level  Hunger
 Freeze                   Ice            15 (25)      1%          1    None
 Summon Small Mammal      Summ           25 (25)      1%          1    None
 Call Imp                 Summ           56 (100)     1%          2    None
 Searing Ray              Fire           50 (50)      1%          2    None
 Throw Frost              Ice            15 (50)      1%          2    None
 Call Canine Familiar     Summ           56 (100)     1%          3    None
 Conjure Flame            Fire           68 (100)     1%          3    None
 Inner Flame              Hex/Fire       47 (100)     1%          3    None
 Sticky Flame             Fire/Pois      47 (100)     1%          4    None
 Force Lance              Tloc/Air       36 (200)     2%          4    None
 Confusing Touch          Hex            15 (50)      3%          1    None
 Blinding Spray           Hex/Pois       15 (50)      3%          3    None
 Corpse Rot               Tmut/Necr      N/A          5%          2    None
 Ensorcelled Hibernation  Hex/Ice        15 (50)      5%          2    None
 Sublimation of Blood     Necr           15 (200)     5%          2    None
 Summon Ice Beast         Ice/Summ       37 (100)     8%          4    None
 Confuse                  Hex            15 (100)     11%         3    None
 Gell's Gravitas          Tloc           15 (200)     11%         3    None
 Petrify                  Tmut/Erth      15 (100)     34%         4    None
 Silence                  Hex/Air        36 (200)     22%         5    ###....
 Bolt of Draining         Necr           15 (200)     24%         5    ###....
 Yara's Violent Unravell  Hex/Tmut       15 (200)     24%         5    ###....
 Shadow Creatures         Summ           N/A          24%         6    #####..
 Excruciating Wounds      Chrm/Necr      30 (200)     34%         5    ###....
 Agony                    Necr           15 (180)     77%         6    #####..
 Borgnjor's Vile Clutch   Necr/Erth      15 (200)     99%         6    #####..
 Darkness                 Hex            15 (200)     99%         6    #####..
 Infestation              Tmut/Pois      15 (200)     100%        7    ######.


Dungeon Overview and Level Annotations

Branches:
Dungeon (1/1)

Altars:
Ashenzari
Cheibriados
Dithmenos
Elyvilon
Fedhas Madash
Gozag Ym Sagoz
Hepliaklqana
Kikubaaqudgha
Makhleb
Nemelex Xobeh
Okawaru
Qazlal
Ru
Sif Muna
Trog
Uskayaw
Vehumet
Wu Jian
Xom
Yredelemnul
Zin
The Shining One Bahamut & Tiamat
Beogh
Jiyva
Lugonu


Innate Abilities, Weirdness & Mutations

You cannot wear most types of armour.
You are very stealthy in the water. (Stealth+)
Your gelatinous body helps endure attacks. (AC+1 EV+1)
Your is resilient. (AC +1)
You are amphibious.
You can wear up to eight rings at the same time.
You can use your tentacles to constrict five enemies at once.
Your skin changes colour to match your surroundings (Stealth++).


Message History

Confirm with . or Enter, or press ? or * to list all spells.
Aiming: Fireball (safe; 1% risk of failure)
Press: ? - help, Shift-Dir - straight line The fireball explodes!
The fireball engulfs the cyclops (21)!!
You kill the cyclops!
Vehumet accepts your kill.
You feel your power returning.
Training target 5.0 for Charms reached!
Your Charms skill increases to level 5!
The fireball engulfs the centaur (21)!!
You kill the centaur!
Vehumet accepts your kill.
You feel your power returning.
The fireball engulfs the cyclops (22)!!
You kill the cyclops!
Vehumet accepts your kill.
You feel your power returning.
You have reached level 10!
You feel strong.
The cyclops wields a +0 mangonel.
The cyclops hurls a boulder.
The boulder crushes you (34)!!
You die...

▓..8©8..▓
▓..|)||...▓..[....▓
▓..C!||...▓..|)}..▓
▓.....)...▓.......▓
▓.........▓...)...▓
▓.........▓.......▓
▓.........▓.......▓
▓.▓.....▓.▓.▓...▓.▓
▓....@....▓...©...▓
▓▓▓▓▓▓▓▓▓▓▓▓▓▓▓▓▓▓▓
▓..8©8..▓ ▓..}.|..▓
▓..|)|..▓ ▓.......▓
▓..=))..▓ ▓...)...▓
▓..))|..▓


You could see a cyclops.

Vanquished Creatures
  2 yaktaurs (D)
  2 jumping spiders (D)
  3 merfolk (D)
  3 cyclopes (D)
  A tarantella (D)
  A yak (D)
  A golden eye (D)
  3 phantoms (D)
  A scorpion (D)
  A floating eye (D)
  An eye of draining (D)
  4 centaurs (D)
  A wight (D)
  A jelly (D)
  A crimson imp (D)
  An iguana (D)
  2 sewer rats (D)
  A white imp (D)
  A giant cockroach zombie (D)
  2 ufetubi (D)
  An ooze (D)
  An adder skeleton (D)
  An adder zombie (D)
36 creatures vanquished.

Vanquished Creatures (others)
  30 foxfires (D)
30 creatures vanquished.

Grand Total: 66 creatures vanquished

Notes
Turn   | Place    | Note
-------+----------+-------------------------------------------
     0 | D        | diana the Octopode Fire Elementalist began the quest for
                  | the Orb.
     0 | D        | Reached XP level 1. HP: 11/11 MP: 3/3
     0 | D        | Found a shimmering blue altar of Sif Muna.
     0 | D        | Found a sacrificial altar of Ru.
     0 | D        | Found a bloodstained altar of Trog.
     0 | D        | Found a stormy altar of Qazlal.
     0 | D        | Found an iron altar of Okawaru.
     0 | D        | Found a sparkling altar of Nemelex Xobeh.
     0 | D        | Found a blossoming altar of Fedhas.
     1 | D        | Found the +6 Majin-Bo {vampiric, corrupt archmagi; MP+6
                  | Int+6}
     1 | D        | Found the +9 ballista "Sniper" {velocity, Acc+∞ +Vis}
     1 | D        | Found the +10 dark maul {crush}
     1 | D        | Found the +15 Maxwell's patent armour {-Cast -Tele rElec
                  | MR+ rCorr}
     1 | D        | Found the +18 shield of the Gong {rElec rN+ MR+ EV-5}
     1 | D        | Found the +14 obsidian axe {chop, +Fly +Vis Soulbond}
     1 | D        | Found the +7 great mace "Firestarter" {inner flame, rF++}
     1 | D        | Found the +6 shillelagh "Devastator" {shatter}
     1 | D        | Found the +11 plutonium sword {*Contam Stlth-}
     1 | D        | Found the +8 lance "Wyrmbane" {slay drac, rPois rF+ rC+
                  | AC+3}
     1 | D        | Found the +9 sword of Zonguldrok {reap}
     1 | D        | Found the +13 scythe of Curses {drain, Soulbond}
     1 | D        | Found the +0 sword of Power
     1 | D        | Found the +7 mace of Variability {chain chaos}
     1 | D        | Found the +7 Singing Sword {slice, sonic wave}
     1 | D        | Found the +8 storm bow {elec, penet}
     2 | D        | Found a transporter.
     2 | D        | Found an ancient bone altar of Kikubaaqudgha.
     2 | D        | Found a viscous altar of Jiyva.
     2 | D        | Found a corrupted altar of Lugonu.
     2 | D        | Found a hazy altar of Hepliaklqana.
     2 | D        | Found a burning altar of Makhleb.
     2 | D        | Found an opulent altar of Gozag.
    44 | D        | Became a worshipper of Vehumet
    69 | D        | Reached XP level 2. HP: 21/21 MP: 4/7
    88 | D        | Entered arena 2.
    88 | D        | Found a transporter.
    91 | D        | Reached skill level 5 in Fire Magic
   108 | D        | Entered arena 3.
   108 | D        | Found a transporter.
   110 | D        | Reached * piety under Vehumet
   110 | D        | Offered knowledge of Freeze by Vehumet.
   110 | D        | Reached XP level 3. HP: 27/27 MP: 6/9
   115 | D        | Reached ** piety under Vehumet
   115 | D        | Reached skill level 5 in Dodging
   115 | D        | Reached skill level 5 in Spellcasting
   115 | D        | Reached XP level 4. HP: 33/33 MP: 8/11
   128 | D        | Entered arena 4.
   128 | D        | Noticed a yak
   128 | D        | Found a transporter.
   131 | D        | Offered knowledge of Throw Frost by Vehumet.
   136 | D        | Killed a yak
   136 | D        | Offered knowledge of Stone Arrow by Vehumet.
   136 | D        | Reached *** piety under Vehumet
   136 | D        | Reached XP level 5. HP: 24/41 MP: 12/14
   136 | D        | Reached XP level 6. HP: 26/46 MP: 12/15
   156 | D        | Got the +5 staff of Execution {energy, life; MR+}
   224 | D        | Learned a level 5 spell: Fireball
   228 | D        | Learned a level 3 spell: Stone Arrow
   234 | D        | Learned a level 5 spell: Summon Lightning Spire
   234 | D        | Entered arena 5.
   234 | D        | Noticed a scorpion
   234 | D        | Noticed a tarantella
   234 | D        | Noticed a jumping spider
   234 | D        | Noticed a jumping spider
   234 | D        | Found a transporter.
   236 | D        | Killed a scorpion
   236 | D        | Killed a tarantella
   236 | D        | Offered knowledge of Blinding Spray by Vehumet.
   236 | D        | Reached XP level 7. HP: 53/53 MP: 5/18
   237 | D        | Killed a jumping spider
   239 | D        | Killed a jumping spider
   239 | D        | Reached **** piety under Vehumet
   239 | D        | Reached XP level 8. HP: 61/61 MP: 10/20
   275 | D        | Entered arena 6.
   275 | D        | Found a transporter.
   276 | D        | Offered knowledge of Iskenderun's Battlesphere by Vehumet.
   276 | D        | Reached skill level 5 in Summonings
   276 | D        | Reached skill level 5 in Air Magic
   279 | D        | Reached ***** piety under Vehumet
   279 | D        | Offered knowledge of Force Lance by Vehumet.
   302 | D        | Learned a level 5 spell: Iskenderun's Battlesphere
   335 | D        | Entered arena 7.
   341 | D        | Reached skill level 1 in Charms
   343 | D        | Found a transporter.
   376 | D        | Entered arena 8.
   376 | D        | Noticed a merfolk
   376 | D        | Noticed a merfolk
   376 | D        | Noticed a merfolk
   381 | D        | Reached XP level 9. HP: 39/67 MP: 7/22
   383 | D        | Reached ****** piety under Vehumet
   383 | D        | Offered knowledge of Starburst by Vehumet.
   383 | D        | Reached skill level 10 in Fire Magic
   389 | D        | Found a transporter.
   518 | D        | Learned a level 6 spell: Starburst
   523 | D        | Entered arena 9.
   523 | D        | Noticed a yaktaur
   523 | D        | Noticed a yaktaur
   525 | D        | Killed a yaktaur
   525 | D        | Reached skill level 10 in Dodging
   525 | D        | Reached skill level 10 in Spellcasting
   525 | D        | Killed a yaktaur
   526 | D        | Reached skill level 5 in Charms
   526 | D        | Reached XP level 10. HP: 21/76 MP: 15/24
   526 | D        | Shot with a boulder by a cyclops

Levels and vault maps discovered:
D:        sprint_v [room_start, room_1, room_2, room_3, room_4, room_5, room_6,
          room_7, room_8, room_9, room_10, room_11, room_12, room_13, room_14,
          room_15, room_16, room_17, room_18, room_19, room_20, room_21,
          room_22, room_23, room_24, room_25, room_26, room_27]

Skill      XL: |  1  2  3  4  5  6  7  8  9 |
---------------+----------------------------+-----
Fighting       | 3 4 6 7 8 9 |  9.9
Maces & Staves | 3 4 6 7 8 9 |  9.9
Dodging        | 4 5 6 7 8 9 10 | 10.2
Spellcasting   | 4 5 6 7 8 9 10 | 10.2
Fire Magic     | 4 5 7 8 9 10 | 10.6
Summonings     | 3 4 5 7 |  7.4
Air Magic      | 3 4 5 6 |  6.9
Charms         | 2 5 |  5.0
Stealth        | |  2.6

Action                   |  1- 3 |  4- 6 |  7- 9 | 10-12 || total
-------------------------+-------+-------+-------+-------++-------
Melee: Great mace        |     2 |     4 |     4 |       ||    10
       Unarmed           |       |     2 |       |       ||     2
       Tentacle Squeeze  |       |     2 |       |       ||     2
       Constrict         |       |     1 |       |       ||     1
       Tentacle Slap     |       |     1 |       |       ||     1
 Cast: Foxfire           |     5 |     4 |     6 |       ||    15
       Fireball          |       |     1 |    12 |     1 ||    14
       Stone Arrow       |       |       |     3 |       ||     3
       Iskenderun's Batt |       |       |     1 |       ||     1
  Use: Potion            |     1 |       |     1 |       ||     2
Armor: Skin              |       |       |     1 |       ||     1
Dodge: Dodged            |     2 |     6 |    10 |       ||    18
